Map: [ESL] Alcyone

Players

DisK

  • Race: Protoss Protoss
  • Spawn Location: 1:00

Cham - Winner!

  • Race: Zerg Zerg
  • Spawn Location: 7:00

Event: ESL SC2 Masters 2023 Winter (Regional)

VOD

Have the link to the VOD?

Description

Time

  • Played on: Nov. 11, 2023, 1:04 p.m.
  • Length: 21:03

All games in this series

Show
View Real Time Build Order
Export as new Build Order

DisK Protoss 

Build Orders: 1 Gate Expand, Oracle Opening 

Get SALT Encoding   

  12  0:00  Probe  
  13  0:12  Probe  
  14  0:20  Pylon  
  14  0:24  Probe  
  15  0:38  Probe (Chrono Boost)  
  15  0:40  Gateway  
  16  0:48  Assimilator, Probe (Chrono Boost)  
  17  0:53  Probe (Chrono Boost)  
  18  1:04  Probe  
  19  1:16  Probe  
  20  1:24  Nexus  
  20  1:34  Cybernetics Core  
  20  1:37  Probe  
  21  1:43  Assimilator  
  21  1:49  Probe  
  21  1:53  Pylon  
  22  2:01  Probe  
  23  2:09  Adept (Chrono Boost)  
  23  2:13  Probe  
  26  2:19  Stargate  
  26  2:25  Probe  
  26  2:26  Warp Gate  
  27  2:35  Stalker  
  29  2:37  Probe (Chrono Boost)  
  29  2:38  Probe (Chrono Boost)  
  31  2:50  Probe x2 (Chrono Boost)  
  33  2:56  Probe x2 (Chrono Boost)  
  35  3:03  Oracle (Chrono Boost)  
  35  3:04  Probe x2  
  40  3:16  Probe x2  
  40  3:18  Gateway  
  42  3:21  Pylon  
  42  3:28  Probe x2  
  44  3:39  Oracle  
  44  3:40  Probe x2  
  49  3:51  Nexus  
  49  3:52  Probe  
  49  3:55  Probe, Pylon  
  51  3:59  Assimilator  
  51  4:04  Probe  
  51  4:09  Assimilator  
  52  4:10  Forge  
  52  4:13  Shield Battery  
  52  4:14  Adept  
  52  4:15  Adept  
  54  4:21  Probe  
  54  4:22  Probe  
  56  4:29  Pylon  
  54  4:33  Robotics Facility  
  54  4:34  Protoss Ground Weapons Level 1 (Chrono Boost), Probe x2  
  54  4:37  Twilight Council  
  56  4:43  Pylon  
  56  4:48  Probe (Chrono Boost), Adept  
  56  4:49  Probe (Chrono Boost)  
  60  4:58  Gateway  
  62  5:00  Probe (Chrono Boost)  
  62  5:04  Probe (Chrono Boost)  
  62  5:06  Probe (Chrono Boost)  
  62  5:07  Gateway  
  64  5:09  Probe (Chrono Boost)  
  64  5:13  Probe (Chrono Boost)  
  66  5:14  Probe (Chrono Boost), Pylon  
  66  5:15  Blink  
  66  5:18  Probe x2 (Chrono Boost)  
  69  5:21  Observer  
  69  5:22  Probe  
  69  5:24  Robotics Bay  
  70  5:30  Robotics Facility  
  70  5:31  Probe x2  
  70  5:34  Probe  
  73  5:37  Assimilator  
  73  5:38  Assimilator  
  73  5:43  Probe x2  
  73  5:46  Probe  
  76  5:51  Stalker x2  
  76  5:55  Gateway x2, Probe  
  81  5:59  Probe x2  
  81  6:03  Gateway x2  
  83  6:08  Pylon  
  83  6:10  Probe  
  84  6:12  Stalker  
  84  6:17  Colossus (Chrono Boost)  
  86  6:19  Protoss Ground Weapons Level 2 (Chrono Boost)  
  86  6:20  Colossus (Chrono Boost)  
  98  6:29  Pylon  
  98  6:33  Pylon  
  96  6:40  Stalker x2  
  96  6:45  Shield Battery, Probe x3  
  99  6:49  Stalker  
  99  6:51  Stalker  
  103  6:59  Pylon  
  103  7:01  Shield Battery  
  103  7:02  Stalker x2  
  103  7:03  Stalker  
  109  7:11  Stalker x3  
  115  7:20  Photon Cannon, Charge  
  115  7:21  Shield Battery  
  115  7:23  Pylon  
  115  7:28  Colossus  
  121  7:34  Colossus  
  127  7:42  Pylon  
  127  7:43  Pylon  
  127  7:48  Stalker x3  
  133  7:53  Pylon  
  133  7:58  Templar Archives, Pylon  
  133  8:08  Nexus  
  133  8:16  Protoss Ground Weapons Level 3 (Chrono Boost)  
  133  8:17  Stalker  
  135  8:20  Pylon, Phoenix  
  135  8:23  Pylon  
  135  8:26  Warp Prism  
  139  8:31  Stalker x2  
  139  8:34  Stalker  
  145  8:37  Stalker x2  
  149  8:46  Psionic Storm  
  149  8:54  Photon Cannon  
  149  8:55  Shield Battery  
  149  9:00  High Templar x2  
  149  9:01  High Templar  
  155  9:05  Probe x3  
  155  9:08  Pylon  
  158  9:14  Photon Cannon  
  158  9:19  Probe x2  
  158  9:20  Probe  
  161  9:29  Assimilator  
  161  9:34  High Templar  
  161  9:35  High Templar x2, Assimilator  
  167  9:38  Zealot x3  
  167  9:42  Zealot  
  167  9:44  Zealot  
  167  9:45  Gateway  
  177  9:46  Gateway  
  177  9:47  Pylon  
  185  10:00  Immortal x2  
  185  10:05  Observer  
  185  10:06  Zealot x4  
  193  10:13  Photon Cannon  
  193  10:14  Photon Cannon  
  193  10:28  Stalker x3  
  195  10:30  Photon Cannon  
  199  10:56  Dark Shrine  
  199  11:01  Gravitic Boosters, Stargate x2  
  199  11:05  Fleet Beacon  
  199  11:07  Pylon  
  199  11:11  Protoss Air Weapons Level 1 (Chrono Boost)  
  179  11:28  Probe (Chrono Boost)  
  179  11:29  Stalker x3  
  179  11:30  Probe x3 (Chrono Boost)  
  135  11:40  Probe (Chrono Boost)  
  135  11:42  Probe x3 (Chrono Boost)  
  139  11:49  Probe x4 (Chrono Boost)  
  139  11:51  Zealot x6  
  155  11:54  Probe  
  155  11:56  Probe x3  
  155  11:59  Zealot x3  
  165  12:06  Probe  
  166  12:08  Probe x3  
  166  12:09  Stalker  
  166  12:14  Stalker x6  
  157  12:41  Zealot x6  
  157  12:42  Zealot  
  160  13:01  Zealot x3  
  160  13:02  Zealot x3  
  172  13:05  High Templar  
  172  13:06  High Templar  
  170  13:18  Dark Templar x2  
  128  13:36  Zealot x4  
  125  13:43  Zealot x2  
  129  13:55  Probe x3  
  131  14:03  High Templar x3  
  131  14:07  High Templar x2, Archon, Probe x2  
  131  14:09  High Templar  
  139  14:12  Archon  
  139  14:13  Archon  
  139  14:15  High Templar x3  
  143  14:17  High Templar  
  143  14:18  Observer (Chrono Boost)  
  143  14:21  Observer (Chrono Boost)  
  143  14:22  Archon x2  
  147  14:36  Dark Templar  
  149  14:43  Dark Templar x2  
  149  14:44  Dark Templar  
  155  14:46  Stalker  
  146  14:58  Archon  
  146  14:59  Probe x2  
  148  15:16  Dark Templar  
  147  15:43  Zealot x2  
  147  15:46  High Templar  
  147  15:47  High Templar x4  
  159  15:51  Dark Templar  
  161  16:10  Disruptor x2 (Chrono Boost)  
  165  16:39  Dark Templar x2  
  169  16:40  Zealot x5  
  173  16:57  Oracle (Chrono Boost)  
  174  17:28  Nexus  
  172  17:42  Archon  
  164  18:20  Observer (Chrono Boost)  
  164  18:38  Disruptor  
  166  18:50  High Templar  
  166  18:51  High Templar x3  
  162  19:18  Zealot x6  
  160  19:41  Oracle (Chrono Boost)  
  147  19:52  Zealot  
  144  20:19  Zealot x4  
Show
View Real Time Build Order
Export as new Build Order

Cham Zerg - Winner!

Build Orders: Hatch First, Lurkers 

Get SALT Encoding   

  12  0:00  Drone  
  13  0:12  Overlord  
  13  0:16  Drone  
  14  0:30  Drone  
  14  0:31  Drone  
  16  0:49  Hatchery  
  15  0:51  Drone  
  15  0:54  Drone  
  17  0:58  Drone  
  18  1:12  Spawning Pool  
  18  1:13  Extractor  
  18  1:16  Drone  
  17  1:19  Drone  
  18  1:29  Drone  
  20  1:40  Drone  
  20  1:54  Overlord  
  20  1:58  Queen  
  20  2:00  Queen  
  24  2:01  Zergling x4  
  26  2:16  Drone x2, Metabolic Boost  
  28  2:33  Hatchery  
  28  2:37  Drone x2  
  28  2:38  Drone  
  30  2:44  Drone  
  30  2:46  Overlord  
  31  2:54  Queen  
  33  2:58  Drone  
  33  2:59  Drone  
  35  3:06  Drone  
  35  3:10  Drone x3  
  35  3:12  Drone x2  
  41  3:17  Overlord  
  41  3:21  Overlord  
  41  3:23  Drone  
  41  3:26  Drone  
  43  3:29  Evolution Chamber  
  43  3:33  Queen  
  44  3:36  Spore Crawler  
  44  3:40  Zergling x6  
  46  3:42  Drone  
  46  3:47  Zergling x6  
  49  3:50  Drone  
  49  3:51  Drone  
  49  3:53  Drone  
  49  3:55  Drone x2  
  54  4:00  Overlord  
  54  4:03  Zerg Melee Weapons Level 1  
  54  4:08  Drone x2, Spore Crawler  
  52  4:15  Spore Crawler  
  51  4:19  Drone x4  
  53  4:24  Drone  
  53  4:25  Drone x2  
  53  4:26  Drone  
  53  4:28  Drone  
  53  4:29  Drone  
  53  4:31  Drone  
  58  4:32  Drone  
  58  4:34  Extractor  
  58  4:36  Overlord  
  58  4:38  Drone  
  59  4:42  Drone x2  
  61  4:51  Drone, Overlord  
  62  4:55  Hatchery  
  62  4:58  Baneling Nest  
  59  5:00  Drone  
  59  5:03  Drone  
  59  5:04  Drone x2  
  59  5:06  Drone x4  
  64  5:08  Drone  
  64  5:11  Lair  
  64  5:14  Drone x2  
  66  5:18  Drone  
  66  5:19  Drone  
  69  5:29  Zergling x2  
  69  5:30  Roach Warren, Hatchery  
  69  5:31  Zergling x2  
  69  5:33  Overlord  
  70  5:35  Zergling x4  
  70  5:38  Overlord  
  70  5:39  Zergling x2  
  70  5:40  Zergling x2  
  73  5:43  Zergling x6  
  74  5:52  Zergling x14  
  74  5:55  Zergling x4  
  83  6:00  Zergling x2, Overlord  
  83  6:01  Zergling x4  
  86  6:06  Baneling x3  
  86  6:07  Baneling  
  86  6:11  Overlord  
  86  6:12  Zergling x2  
  86  6:13  Glial Reconstitution  
  86  6:14  Centrifugal Hooks  
  86  6:16  Zergling x10  
  92  6:23  Roach x2  
  92  6:24  Roach x2  
  100  6:26  Roach  
  100  6:29  Roach x2  
  100  6:30  Roach  
  108  6:33  Overlord  
  104  6:46  Zergling x2, Roach x3  
  104  6:47  Zergling x12  
  116  6:55  Drone x6  
  116  6:58  Extractor  
  116  6:59  Extractor  
  116  7:00  Extractor  
  116  7:01  Drone x3  
  123  7:05  Overlord  
  123  7:08  Overlord  
  123  7:09  Drone  
  123  7:11  Overlord  
  123  7:17  Infestation Pit  
  123  7:18  Drone x6, Extractor  
  123  7:20  Drone, Spore Crawler  
  123  7:21  Drone x2, Spore Crawler  
  128  7:25  Drone  
  128  7:26  Drone  
  128  7:28  Overlord x2  
  130  7:32  Overlord  
  130  7:34  Zerg Melee Weapons Level 2  
  130  7:36  Drone x2, Evolution Chamber  
  131  7:39  Drone x3  
  131  7:40  Drone  
  131  7:42  Drone x2  
  136  7:45  Drone x3  
  136  7:48  Drone x2  
  136  7:49  Drone  
  138  7:56  Roach x4  
  146  8:00  Hive  
  146  8:03  Zergling x6  
  146  8:04  Roach  
  151  8:11  Hydralisk Den  
  144  8:14  Drone x4  
  144  8:15  Drone x2  
  144  8:17  Zerg Missile Weapons Level 1  
  144  8:18  Drone x2  
  144  8:19  Drone x3  
  155  8:20  Baneling  
  155  8:21  Baneling x3  
  155  8:26  Baneling x8  
  155  8:30  Roach  
  155  8:31  Zergling x12, Roach  
  165  8:40  Extractor x2  
  163  8:42  Spine Crawler  
  163  8:43  Drone x2, Spine Crawler  
  163  8:48  Baneling x10  
  163  8:52  Zergling x10  
  163  8:53  Hatchery  
  167  9:00  Lurker Den  
  166  9:08  Zergling x2  
  166  9:09  Zergling x28  
  181  9:15  Unknown  
  181  9:16  Adrenal Glands  
  180  9:17  Hydralisk  
  180  9:20  Overlord  
  180  9:22  Extractor  
  180  9:23  Drone  
  181  9:25  Overlord x2  
  181  9:31  Overlord x2  
  181  9:37  Overlord  
  181  9:39  Hydralisk x4  
  181  9:41  Grooved Spines  
  189  9:47  Overseer  
  189  9:51  Baneling x5  
  189  9:57  Hydralisk x3  
  189  9:58  Hydralisk x2  
  199  10:09  Spore Crawler  
  199  10:10  Adaptive Talons  
  199  10:12  Zerg Ground Armor Level 1  
  198  10:20  Zerg Melee Weapons Level 3  
  198  10:31  Muscular Augments  
  189  10:45  Lurker x7  
  189  10:48  Baneling x3  
  185  11:02  Lurker x2  
  185  11:03  Lurker  
  188  11:07  Seismic Spines  
  188  11:08  Baneling x3  
  154  11:37  Hydralisk x13  
  154  11:38  Hydralisk x7  
  154  11:39  Zergling x6  
  193  11:40  Zergling x22  
  199  11:55  Overseer  
  199  12:07  Spore Crawler  
  198  12:11  Lurker x3  
  198  12:12  Lurker x2, Spore Crawler  
  198  12:14  Spore Crawler  
  194  12:28  Zergling x20  
  192  12:42  Hydralisk x4  
  192  12:43  Hydralisk x14  
  180  12:52  Viper x2, Spine Crawler  
  180  12:53  Viper  
  180  12:55  Zergling x18  
  180  12:56  Zergling x10  
  180  12:57  Spine Crawler  
  182  13:15  Drone x2  
  147  13:23  Hydralisk  
  147  13:24  Hydralisk x11  
  166  13:29  Hydralisk  
  166  13:30  Hydralisk  
  166  13:31  Zergling x2  
  164  13:37  Lurker x3  
  163  13:52  Unknown  
  163  13:53  Lurker x3  
  163  13:54  Zergling x12  
  163  13:55  Zergling x6  
  173  13:57  Overseer  
  170  14:04  Lurker  
  160  14:12  Lurker  
  160  14:15  Hatchery  
  159  14:22  Drone x2  
  161  14:27  Lurker x2  
  161  14:28  Zergling x2  
  161  14:29  Zergling x16  
  172  14:32  Lurker  
  172  14:36  Hydralisk  
  172  14:37  Zergling x2, Hydralisk  
  178  14:48  Lurker  
  174  14:58  Baneling  
  174  14:59  Lurker  
  172  15:03  Overseer  
  172  15:04  Pneumatized Carapace  
  172  15:05  Zergling x12  
  172  15:06  Zergling x12  
  182  15:17  Drone x3  
  182  15:18  Spine Crawler  
  184  15:28  Lurker x3  
  179  15:29  Zergling x2  
  179  15:30  Zergling x10  
  187  15:39  Hydralisk x3  
  187  15:40  Zergling x4  
  189  15:45  Lurker  
  187  15:51  Zergling x16  
  193  16:00  Zerg Ground Armor Level 2  
  193  16:03  Drone x3  
  195  16:08  Hydralisk  
  195  16:09  Hydralisk  
  199  16:14  Lurker  
  197  16:35  Hydralisk  
  197  16:36  Zergling x2  
  187  16:52  Hydralisk x9  
  198  17:17  Overlord  
  193  17:53  Hydralisk  
  193  17:54  Hydralisk x2  
  199  18:26  Spire  
  189  18:48  Hatchery  
  183  18:57  Hydralisk x10  
  187  19:10  Overseer  
  187  19:15  Hydralisk x3  
  192  19:36  Hydralisk  
  192  19:37  Hydralisk x6  
  192  19:38  Hydralisk  
  195  19:42  Hydralisk x3  
  195  19:45  Hydralisk  
  200  20:06  Lurker x5, Hatchery  
  198  20:07  Lurker x2  
  184  20:15  Drone x4  
  184  20:16  Drone, Lurker  
  184  20:17  Lurker x3  
  184  20:20  Hydralisk x2  
  197  20:30  Spore Crawler  
  197  20:31  Extractor x2, Spine Crawler  
Tags
 
Add a new tag
Caveats
  • Supply blocks, unpowered buildings, or Contaminate may cause inaccurate times.
  • Supply counts are checked every 10 seconds.